 Dungeon Crawl Stone Soup version 0.27.1-34-g3ba077fa99 (webtiles) character file.

Game seed: 3488036245970975026

173173 ticklebelly the Severer (level 17, -4/168 HPs)
             Began as a Minotaur Berserker on Jan 7, 2022.
             Was a High Priest of Trog.
             Shot with an arrow by a satyr (15 damage)
             ... on level 3 of the Shoals.
             The game lasted 01:37:25 (34815 turns).

ticklebelly the Severer (Minotaur Berserker)       Turns: 34815, Time: 01:37:25

Health: -4/168     AC: 31    Str: 27    XL:     17   Next: 42%
Magic:  16/16      EV: 17    Int:  7    God:    Trog [*****.]
Gold:   3662       SH:  0    Dex: 12    Spells: 16/16 levels left

rFire    + . .     SeeInvis .   i - +9 executioner's axe (flame)
rCold    . . .     Faith    .   (shield currently unavailable)
rNeg     . . .     Spirit   .   t - +1 plate armour {Will+}
rPois    .         Reflect  .   g - +2 hat
rElec    .         Harm     .   (no cloak)
rCorr    .         Rampage  +   v - +0 pair of gloves
Will     +++++                  n - +2 pair of boots {rampage}
Stlth    ..........             (no amulet)
HPRegen  1.38/turn              D - ring of the Priest {rF+ Will+ EV+4 Int+3 Slay+3}
MPRegen  0.15/turn              L - +4 ring of protection

@: lit by a corona, strong-willed, regenerating, glowing
A: horns 2, retaliatory headbutt
a: Renounce Religion, Berserk, Trog's Hand, Brothers in Arms


You were on level 3 of the Shoals.
You worshipped Trog.
Trog was extremely pleased with you.
You visited 4 branches of the dungeon, and saw 26 of its levels.
You also visited: Sewer and Ossuary.

You collected 4096 gold pieces.
You spent 434 gold pieces at shops.

Inventory:

Hand Weapons
 i - a +9 executioner's axe of flaming (weapon)
 u - a +3 battleaxe of electrocution
 w - a +2 vorpal executioner's axe
 Q - a +4 flail
Missiles
 S - 39 boomerangs (quivered)
Armour
 g - a +2 hat (worn)
 n - a +2 pair of boots of rampaging (worn)
 t - a +1 plate armour of willpower (worn)
 v - a +0 pair of gloves (worn)
 X - the +1 buckler "Cyripp" {+Blink Slay+3}
   (You acquired it on level 10 of the Dungeon)

   Slay:      It affects your accuracy & damage with ranged weapons and melee
   (+3).
   +Blink:    It lets you blink.
Jewellery
 l - a +6 ring of strength
 x - the ring of the Several Bones {Fire Drain rPois Str+4 Slay+2}
   (You took it off a kobold demonologist on level 12 of the Dungeon)

   [ring of fire]

   It enhances your fire magic.
   Str:       It affects your strength (+4).
   Slay:      It affects your accuracy & damage with ranged weapons and melee
   (+2).
   rF:        It protects you from fire.
   rC:        It makes you vulnerable to cold.
   rPois:     It protects you from poison.
   Drain:     It drains your maximum health when unequipped.
 D - the ring of the Priest (left hand) {rF+ Will+ EV+4 Int+3 Slay+3}
   (You acquired it on level 10 of the Dungeon)

   [ring of evasion]

   EV:        It affects your evasion (+4).
   Int:       It affects your intelligence (+3).
   Slay:      It affects your accuracy & damage with ranged weapons and melee
   (+3).
   rF:        It protects you from fire.
   Will:      It increases your willpower.
 E - a ring of poison resistance
 H - a ring of resist corrosion
 L - a +4 ring of protection (right hand)
 O - a ring of ice
 P - a ring of fire
 R - a ring of protection from cold
 T - the ring of Oghin {rF- rN+ Will+++ Dex+4 Stlth+}
   (You found it on level 15 of the Dungeon)

   [ring of positive energy]

   Dex:       It affects your dexterity (+4).
   rF:        It makes you vulnerable to fire.
   rN:        It protects you from negative energy.
   Will:      It greatly increases your willpower.
   Stlth:     It makes you more stealthy.
 W - a ring of positive energy
Wands
 d - a wand of iceblast (13)
 B - a wand of paralysis (22)
 G - a wand of polymorph (9)
 J - a wand of flame (9)
 N - a wand of digging (5)
 V - a wand of charming (12)
Scrolls
 b - a scroll of summoning
 e - 8 scrolls of identify
 h - 5 scrolls of magic mapping
 k - 2 scrolls of enchant weapon
 m - 2 scrolls of immolation
 o - 5 scrolls of teleportation
 y - 2 scrolls of fog
 z - 2 scrolls of silence
 C - 4 scrolls of holy word
 F - 8 scrolls of enchant armour
 I - 6 scrolls of fear
Potions
 a - 3 potions of ambrosia
 c - 2 potions of haste
 f - 9 potions of brilliance
 j - 3 potions of berserk rage
 p - 2 potions of resistance
 q - 4 potions of heal wounds
 r - 3 potions of flight
 s - 6 potions of curing
 K - 7 potions of lignification
 M - a potion of might


   Skills:
 + Level 19.5 Fighting
 + Level 19.5 Axes
 + Level 18.5 Armour
 + Level 13.0 Dodging


You had 16 spell levels left.
You didn't know any spells.
Your spell library was empty.

Dungeon Overview and Level Annotations

Branches:
Dungeon (15/15)            Temple (0/1) D:5            Lair (6/6) D:10
 Shoals (3/4) Lair:4        Snake (0/4) Lair:4        Slime (0/5) Lair:5
    Orc (2/2) D:12            Elf (0/3) Orc:2        Vaults (0/5) D:14
  Sewer (visited)         Ossuary (visited)
 Depths: D:15

Altars:
Ashenzari
Fedhas
Gozag
Hepliaklqana
Sif Muna
Trog
Wu Jian
Xom

Shops:
D:7 :   D:10 *   D:11 *   D:12 ?*   D:13 :   D:14 *   D:15 (   Orc:2 =**([
Shoals:2 ::

Annotations:
D:15 1 transporter
Shoals:2 Roxanne
Shoals:3 1 runed translucent door, Bai Suzhen; WindUpCitrus's ghost, adept PaFi


Innate Abilities, Weirdness & Mutations

You have a pair of horns on your head.
You reflexively headbutt those who attack you in melee.


Message History

The faun is almost dead.
You feel your willpower return.
The satyr plays a lulling melody on his pipes!
You resist with almost no effort. The faun hits you with a +0 spear!
You carve the faun like a ham!!! You burn the faun.
You kill the faun!
Trog accepts your kill.
Trog appreciates your killing of a magic user.
The satyr shoots an arrow.
The arrow hits you.
The satyr shoots an arrow.
The arrow misses you.
The satyr shoots an arrow.
The arrow barely misses you.
The satyr shoots an arrow.
The arrow hits you!!
* * * LOW HITPOINT WARNING * * *
You are no longer terrified.
A sea snake comes into view.
Found a stone staircase leading down.
The sea snake hisses angrily.
You rampage towards the sea snake!
Bai Suzhen, Madame White Snake comes into view.
She is wielding a +0 quarterstaff.
Bai Suzhen roars!
Bai Suzhen roars!
A five-headed hydra appears.
You slash the sea snake! You burn the sea snake!
Your headbutt misses the sea snake.
The sea snake is moderately wounded.
The sea snake bites you but does no damage.
The satyr shoots an arrow.
The arrow completely misses you.
Bai Suzhen roars!
A four-headed hydra appears.
Your cyclops goes berserk!
The sea snake bites you but does no damage.
The satyr shoots an arrow.
The arrow hits you!!
* * * LOW HITPOINT WARNING * * *
The sea snake bites you but does no damage.
Your skin crawls.
You feel strong-willed. The sea snake bites you!
* * * LOW HITPOINT WARNING * * *
The satyr shoots an arrow.
The arrow hits you!
You die...

≈≈≈≈≈≈≈≈≈≈≈≈≈≈≈≈ ≈≈≈..≈≈
≈≈≈≈≈≈≈≈≈≈≈.≈..≈ ≈≈≈>...
≈≈≈≈≈≈c≈........ ≈≈.....
P≈≈P≈)≈.)...?... ≈≈D....
≈≈PP≈)≈..# .d≈≈...
P.≈≈≈≈≈).# ##.D≈≈..#
.PP≈.....# ##..≈≈...#
.P....P..## ####S.≈≈≈...#
...P......####..@.≈≈≈≈≈≈≈.
#....P...#c...≈≈.≈≈≈≈≈≈≈≈≈
#.....PPPP.PP≈≈C≈≈≈≈≈≈≈≈≈≈
+.....P.P≈≈≈≈≈≈≈≈≈≈≈≈≈≈≈≈≈
#≈...<..P≈≈≈≈≈≈≈≈≈≈≈≈≈≈≈≈≈
#≈P≈....P≈≈≈≈≈≈≈≈≈≈≈≈≈≈≈≈≈
≈≈≈≈P≈P≈P≈≈≈≈≈≈≈≈≈≈≈≈≈≈≈≈
≈≈≈≈≈P≈≈≈≈≈≈≈≈≈≈≈≈≈≈≈≈≈≈
≈≈≈≈≈≈P≈≈≈≈≈≈≈≈≈≈≈≈≈≈


You could see Bai Suzhen, a five-headed hydra (summoned), a four-headed hydra
(summoned), a satyr, a sea snake (ally target) and a friendly cyclops (summoned,
berserk).

Vanquished Creatures
  Rupert (Lair:3)
  Kirke (D:15)
  Agnes (D:15)
  An orc warlord (Orc:2)
  Louise (D:14)
  Nessos (D:12)
  A stone giant (D:12)
  Snorg (D:12)
  2 merfolk impalers (Shoals:2)
  Fannar (Lair:1)
  Josephine (Shoals:1)
  3 vault guards
  A yaktaur captain (D:15)
  14 hydras
  A rakshasa (D:15)
  3 centaur warriors
  6 boulder beetles
  A catoblepas (D:15)
  3 satyrs
  2 merfolk avatars (Shoals:3)
  6 two-headed ogres
  6 death yaks
  A merfolk aquamancer (Shoals:2)
  6 orc high priests (Orc:2)
  Nergalle (Lair:3)
  A fire crab (shapeshifter) (D:15)
  4 sea snakes
  A harpy (shapeshifter) (D:14)
  20 harpies
  A necromancer (D:15)
  6 orc knights
  A deep elf pyromancer (D:14)
  2 deep elf zephyrmancers
  17 fauns
  An oklob plant (Lair:1)
  7 manticores
  3 orc sorcerers (Orc:2)
  4 cyclopes
  3 gargoyles
  8 merfolk sirens
  25 elephants
  A guardian serpent (shapeshifter) (D:15)
  2 water nymphs (Shoals:2)
  2 torpor snails (Lair:5)
  4 orange demons (D:12)
  6 black mambas
  5 centaur skeletons
  18 cane toads
  Maggie (D:6)
  Psyche (D:10)
  5 unseen horrors
  An efreet (D:14)
  2 tengu conjurers (D:13)
  13 komodo dragons
  A kobold demonologist (D:13)
  2 rime drakes
  A redback zombie (D:9)
  2 hellwings (D:9)
  A freezing wraith (D:14)
  2 red devils (D:12)
  8 merfolk
  3 wind drakes
  15 trolls
  4 blink frogs (Lair:3)
  3 hornets (Lair:6)
  4 polar bears
  3 slime creatures (D:12)
  2 snapping turtles
  9 dream sheep
  10 spriggans (Lair:6)
  50 yaks
  A vampire (D:12)
  6 wraiths
  3 wyverns
  5 water elementals (Shoals:2)
  19 vampire mosquitoes
  4 hogs (D:15)
  2 steam dragons
  6 basilisks
  5 wargs
  3 nagas (Lair:4)
  15 water moccasins
  4 acid dragons
  2 floating eyes (D:15)
  2 hornet zombies
  4 black bears (Lair:6)
  27 orc warriors
  An ice beast (D:6)
  A sky beast (D:6)
  6 ogres
  63 wolves
  3 boggarts (Lair:6)
  10 centaurs
  A phantom (D:4)
  3 kobold brigands
  11 bullfrogs
  A gnoll sergeant (D:7)
  4 scorpions
  2 water moccasin skeletons
  9 killer bees (D:8)
  13 wights
  11 howler monkeys
  7 centaur zombies
  2 bullfrog skeletons
  A hound (Lair:2)
  Crazy Yiuf (D:6)
  9 orc priests
  13 jellies
  6 hell rats (Lair:5)
  4 iguanas
  13 orc wizards
  2 killer bee zombies
  A hound skeleton (D:2)
  A howler monkey zombie (D:7)
  8 mummies (Ossuary)
  4 gnolls (D:7)
  13 adders
  2 river rats
  5 shadow imps
  2 white imps
  2 adder skeletons (D:4)
  2 worms
  3 dart slugs
  39 orcs
  6 bats
  8 endoplasms
  4 giant cockroaches
  5 goblins
  6 hobgoblins
  8 jackals
  18 kobolds
  6 quokkas
  3 ball pythons
  5 frilled lizards
  3 hobgoblin zombies (Ossuary)
  2 kobold zombies (Ossuary)
  3 orc zombies (Ossuary)
  13 rats
  A bush (Lair:5)
829 creatures vanquished.

Vanquished Creatures (collateral kills)
  Polyphemus (Shoals:3)
  A deep elf annihilator (D:15)
  A hydra (Lair:1)
  A catoblepas (Shoals:3)
  A slime creature (D:12)
  A spriggan (Lair:6)
  2 harpies (Shoals:3)
  A merfolk siren (Shoals:3)
  An orange demon (D:12)
  A cane toad (Lair:1)
  2 kobold demonologists (D:12)
  A yaktaur (D:12)
  A troll (D:12)
  2 merfolk (Shoals:3)
  A hornet (Lair:6)
  A dream sheep (Lair:6)
  A yak (D:12)
  2 vampire mosquitoes (D:12)
  4 orc warriors (Orc:2)
  A boggart (Lair:6)
  A wolf (Lair:6)
  An orc priest (Orc:2)
  3 orcs (Orc:2)
32 creatures vanquished.

Vanquished Creatures (others)
  A merfolk siren (Shoals:3)
  2 black bears (D:6)
  2 ogres (D:6)
  A jelly (D:6)
  2 hounds (D:6)
  57 fungi
  112 plants
  5 withered plants (D:9)
182 creatures vanquished.

Grand Total: 1043 creatures vanquished

Notes
Turn   | Place    | Note
-------+----------+-------------------------------------------
     0 | D:1      | ticklebelly the Minotaur Berserker began the quest for the
                  | Orb.
     0 | D:1      | Reached XP level 1. HP: 19/19 MP: 0/0
   169 | D:1      | Reached XP level 2. HP: 21/27 MP: 1/1
  1078 | D:2      | Reached XP level 3. HP: 26/34 MP: 2/2
  1278 | D:2      | Found a faded altar of an unknown god.
  1424 | D:2      | Reached ** piety under Trog
  1727 | D:2      | Reached XP level 4. HP: 32/41 MP: 3/3
  1840 | D:2      | Reached skill level 5 in Axes
  1842 | D:2      | Reached skill level 5 in Fighting
  2419 | D:3      | Reached XP level 5. HP: 47/48 MP: 4/4
  2670 | D:3      | Found a glowing drain.
  2674 | Sewer    | Entered a sewer
  2895 | Sewer    | Reached *** piety under Trog
  2986 | Sewer    | Found a white marble altar of Elyvilon.
  3308 | D:3      | Reached XP level 6. HP: 56/57 MP: 5/5
  3946 | D:4      | Reached XP level 7. HP: 51/64 MP: 6/6
  4410 | D:4      | Reached skill level 5 in Armour
  4537 | D:5      | Entered Level 5 of the Dungeon
  4565 | D:5      | Found a bloodstained altar of Trog.
  4879 | D:5      | Noticed a wraith
  4888 | D:5      | Killed a wraith
  5205 | D:5      | Found a staircase to the Ecumenical Temple.
  5341 | D:6      | Reached XP level 8. HP: 51/73 MP: 7/7
  5883 | D:6      | Noticed Maggie
  5905 | D:6      | Killed Maggie
  6295 | D:6      | Found a blossoming altar of Fedhas.
  6404 | D:6      | Found a shimmering altar of Xom.
  6622 | D:6      | Found a hazy altar of Hepliaklqana.
  6665 | D:6      | Found a runed translucent door.
  6666 | D:6      | Noticed Crazy Yiuf
  6961 | D:6      | Reached XP level 9. HP: 78/82 MP: 8/8
  7162 | D:6      | Killed Crazy Yiuf
  7229 | D:7      | Reached **** piety under Trog
  7230 | D:7      | Reached skill level 5 in Dodging
  7304 | D:7      | Found an ornate altar of the Wu Jian Council.
  7699 | D:7      | Found Ubrejuk's Book Shop.
  8008 | D:8      | Found a sand-covered staircase.
  8040 | Ossuary  | Entered an ossuary
  8435 | D:8      | Reached skill level 10 in Fighting
  8435 | D:8      | Reached skill level 10 in Axes
  8703 | D:8      | Reached ***** piety under Trog
  9109 | D:8      | Reached XP level 10. HP: 94/94 MP: 9/9
  9267 | D:9      | Identified the +6 hunting sling of Revolt {speed, Drain Fly
                  | rPois rC+}
  9414 | D:9      | Found a broken altar of Ashenzari.
  9416 | D:9      | Found a shimmering blue altar of Sif Muna.
  9827 | D:9      | Reached skill level 10 in Armour
 10311 | D:10     | Entered Level 10 of the Dungeon
 10365 | D:10     | Reached XP level 11. HP: 104/104 MP: 10/10
 10375 | D:10     | Noticed a death yak
 10377 | D:10     | Found a staircase to the Lair.
 10377 | D:10     | Noticed a death yak
 10378 | D:10     | Noticed a death yak
 10409 | D:10     | Killed a death yak
 10424 | D:10     | Killed a death yak
 10433 | D:10     | Killed a death yak
 10991 | D:10     | Noticed Fannar
 10992 | D:10     | Noticed Psyche
 11012 | Lair:1   | Entered Level 1 of the Lair of Beasts
 11015 | Lair:1   | Noticed a four-headed hydra
 11028 | Lair:1   | Killed a four-headed hydra
 11347 | Lair:1   | Killed Fannar
 11581 | D:10     | Killed Psyche
 11755 | D:10     | Found Gozag's Platinum Reserve.
 11755 | D:10     | Found an opulent altar of Gozag.
 12531 | Lair:1   | Noticed an oklob plant
 12550 | Lair:1   | Killed an oklob plant
 12780 | Lair:1   | Noticed a seven-headed hydra
 12781 | Lair:1   | Noticed a five-headed hydra
 12795 | Lair:1   | Killed a five-headed hydra
 12795 | Lair:1   | Killed a seven-headed hydra
 12796 | Lair:1   | Reached XP level 12. HP: 43/115 MP: 11/11
 14312 | Lair:2   | Noticed a five-headed hydra
 14321 | Lair:2   | Killed a five-headed hydra
 14788 | Lair:2   | Noticed a boulder beetle
 14882 | Lair:2   | Killed a boulder beetle
 16304 | Lair:3   | Reached XP level 13. HP: 125/125 MP: 12/12
 16327 | Lair:3   | Noticed Nergalle
 16353 | Lair:3   | Killed Nergalle
 16633 | Lair:3   | Reached skill level 15 in Fighting
 16840 | Lair:3   | Reached skill level 15 in Axes
 16850 | Lair:3   | Noticed Rupert
 16869 | Lair:3   | Killed Rupert
 17105 | Lair:3   | Reached XP level 14. HP: 126/135 MP: 13/13
 17513 | Lair:3   | Reached skill level 10 in Dodging
 18064 | Lair:4   | Received a gift from Trog
 18094 | Lair:4   | Found a staircase to the Snake Pit.
 19509 | Lair:4   | Found a staircase to the Shoals.
 20708 | Lair:5   | Received a gift from Trog
 20732 | Lair:5   | Reached skill level 15 in Armour
 20891 | Lair:5   | Found a staircase to the Slime Pits.
 21158 | Lair:6   | Entered Level 6 of the Lair of Beasts
 21955 | Lair:6   | Reached XP level 15. HP: 134/145 MP: 14/14
 22301 | Lair:6   | Received a gift from Trog
 23611 | D:11     | Found Safyb's Assorted Antiques.
 23639 | D:10     | Identified 4 scrolls of acquirement
 23639 | D:10     | Acquired the +1 buckler "Cyripp" {+Blink Slay+3}
 23647 | D:10     | Acquired the ring of the Priest {rF+ Will+ EV+4 Int+3
                  | Slay+3}
 23650 | D:10     | Acquired 601 gold pieces
 23654 | D:10     | Acquired 475 gold pieces
 24527 | D:12     | Noticed Snorg
 24531 | D:12     | Killed Snorg
 24564 | D:12     | Identified the ring of the Several Bones {Fire Drain rPois
                  | Str+4 Slay+2}
 24898 | D:12     | Found Edia's General Store.
 24936 | D:12     | Noticed Nessos
 24955 | D:12     | Killed Nessos
 24973 | D:12     | Reached ****** piety under Trog
 25402 | D:12     | Found a staircase to the Orcish Mines.
 25402 | D:12     | Found Wuacs's Magic Scroll Emporium.
 25461 | D:12     | Bought a scroll of enchant armour for 97 gold pieces
 25461 | D:12     | Bought a scroll of enchant armour for 97 gold pieces
 25681 | D:12     | Received a gift from Trog
 26042 | Orc:1    | Entered Level 1 of the Orcish Mines
 26284 | Orc:2    | Entered Level 2 of the Orcish Mines
 26724 | Orc:2    | Found Qomatsix's Jewellery Shop.
 26754 | Orc:2    | Found a bloodstained altar of Trog.
 27184 | Orc:2    | Found Xoleck's Antique Weapon Emporium.
 27203 | Orc:2    | Noticed an orc warlord
 27220 | Orc:2    | Killed an orc warlord
 27221 | Orc:2    | Reached XP level 16. HP: 29/157 MP: 15/15
 27548 | Orc:2    | Found Loliyno's Antique Armour Shop.
 27556 | Orc:2    | Bought a pair of embroidered boots for 240 gold pieces
 27569 | Orc:2    | Found a staircase to the Elven Halls.
 27639 | Orc:2    | Received a gift from Trog
 27832 | Orc:2    | Found Nele's General Store.
 27853 | Orc:2    | Found Hyeceint's Assorted Antiques.
 28610 | D:13     | Found Uryskor's Book Shoppe.
 29244 | D:14     | Found a gate to the Vaults.
 29514 | D:14     | Found Qizaaghi's General Store.
 29864 | D:14     | Noticed Louise
 29870 | D:14     | Killed Louise
 30219 | D:15     | Entered Level 15 of the Dungeon
 30428 | D:15     | Paralysed by a floating eye for 4 turns
 30563 | D:15     | Noticed Kirke
 30564 | D:15     | Noticed Agnes
 30584 | D:15     | Killed Agnes
 30586 | D:15     | Killed Kirke
 30811 | D:15     | Identified the ring of Oghin {rF- rN+ Will+++ Dex+4 Stlth+}
 30868 | D:15     | Found Baynk's Antique Weapon Emporium.
 30962 | D:15     | Found a transporter.
 30969 | D:15     | Paralysed by a floating eye for 4 turns
 31594 | Shoals:1 | Entered Level 1 of the Shoals
 31781 | Shoals:1 | Noticed Josephine
 31789 | Shoals:1 | Killed Josephine
 32764 | Shoals:2 | Found Pufuitz's Self-Improvement Boutique.
 32834 | Shoals:2 | Found Kuunen's Book Boutique.
 32838 | Shoals:2 | Reached XP level 17. HP: 118/168 MP: 16/16
 33673 | Shoals:2 | Identified Roxanne's Compendium of Transformation
 33673 | Shoals:2 | Noticed Roxanne
 34162 | Shoals:3 | Noticed Polyphemus
 34179 | Shoals:3 | Killed Polyphemus
 34188 | Shoals:3 | Received a gift from Trog
 34782 | Shoals:3 | Found a runed translucent door.
 34784 | Shoals:3 | Noticed WindUpCitrus's ghost (adept PaFi)
 34810 | Shoals:3 | Noticed Bai Suzhen
 34815 | Shoals:3 | Shot with an arrow by a satyr

Illustrated notes

Levels and vault maps discovered:
D:1:      evilmike_arrival_crescent, layout_basic
D:2:      layout_loops_ring, hellmonk_ecumenical_altar_run_dry,
          minmay_pentomino_w4
D:3:      layout_loops_ring, gup_sewer_entry_spiral
D:4:      layout_loops_ring
D:5:      layout_loops_cross, trog_book, minmay_temple_entry_enclosed_plants
D:6:      layout_basic, nicolae_hepliaklqana_hazy_memory,
          nicolae_overflow_crystal_walls, xom_confusion_cloud,
          uniq_crazy_yiuf_cottage, uniq_maggie
D:7:      layout_cave_pools, nicolae_wu_jian_immortal_techniques, serial_shops,
          nicolae_shop_waterfront, hex_large, corexii_leaking_fountain
D:8:      layout_cave_pods, enter_ossuary_1, serial_park_tiny_pond
D:9:      cheibrodos_grave_circle, layout_loops_ring,
          mainiacjoe_overflow_catwalk_spiral
D:10:     layout_stronghold, nicolae_gozag_zags_fifth_avenue,
          dpeg_lair_monsters, unseen_surprise_small, uniq_fannar, uniq_psyche
D:11:     layout_big_octagon, serial_shops, nicolae_diamond_shop
D:12:     nzn_winding_woodlands_stair_trap [nzn_winding_woodlands_5x15_jagged,
          nzn_winding_woodlands_5x15_pool,
          nzn_winding_woodlands_5x15_concentric,
          nzn_winding_woodlands_15x15_five_gardens,
          nzn_winding_woodlands_5x15_garden,
          nzn_winding_woodlands_5x15_split_checker,
          nzn_winding_woodlands_5x15_crooked], layout_loops_ring, serial_shops,
          nicolae_shop_waterfront, shop, minmay_beelzebubs_servants, uniq_snorg,
          uniq_nessos
D:13:     layout_rooms, serial_shops,
          nicolae_shop_temple_entry_statues_fountains
D:14:     layout_loops_corners, david_vaults_5, serial_shops, shop, uniq_louise
D:15:     hangedman_spin_cycle, uniq_kirke, uniq_agnes
Lair:1:   layout_cellular_growth, minmay_holes, infiniplex_staircase_pool,
          minmay_lair_oklob_chamber, lemuel_fruit_tree, grunt_megastairs_3
Lair:2:   beast_lair_carwin_large_2, layout_cave_pods
Lair:3:   layout_chaotic_city, gauntlet_entry_generic, uniq_nergalle,
          uniq_rupert
Lair:4:   layout_big_grid, elwin_shoals_entry_rooms, guppyfry_snake_entry_island
Lair:5:   layout_regular_city, minmay_slime_entry_jelly_boxes,
          chequers_serial_rivers_micro_a, grunt_forest_large_clearings
Lair:6:   minmay_lair_end_enchanted_forest, layout_cave_pods,
          serial_bayou_pond_e, eino_small_chamber_without_monster,
          grunt_megastairs_5
Shoals:1: layout_shoals, uniq_josephine
Shoals:2: layout_shoals, serial_shops, nicolae_shop_competitors_out_of_business,
          nicolae_shop_self_help, uniq_roxanne
Shoals:3: layout_shoals, ebering_ghost_inner_flame, uniq_polyphemus,
          uniq_bai_suzhen
Orc:1:    minmay_goldmine, layout_caves, basic_altar,
          nicolae_orc_flooded_monolith, mines3_lemuel
Orc:2:    grunt_orc_gardens, layout_diamond_mine, grunt_orc_garden,
          grunt_orc_garden, grunt_orc_garden, grunt_orc_garden, basic_altar,
          serial_shops, nicolae_shop_overgrown_old_shop

Skill      XL: |  1  2  3  4  5  6  7  8  9 10 11 12 13 14 15 16 17 |
---------------+----------------------------------------------------+-----
Fighting       | 4 5 6 7 8 10 11 13 14 15 16 18 19 | 19.5
Axes           | 4 5 6 7 8 10 11 13 14 15 16 18 19 | 19.5
Armour         | 3 4 5 7 9 11 12 13 15 17 18 | 18.5
Dodging        | 4 5 7 9 10 12 13 | 13.0

Action                   |  1- 3 |  4- 6 |  7- 9 | 10-12 | 13-15 | 16-18 || total
-------------------------+-------+-------+-------+-------+-------+-------++-------
Melee: Hand axe          |    80 |   152 |   287 |   602 |    76 |       ||  1197
       Headbutt          |     8 |    18 |    84 |   192 |   199 |    76 ||   577
       Mace              |       |       |       |    16 |       |       ||    16
       Flail             |       |       |       |    11 |    36 |       ||    47
       Battleaxe         |       |       |       |       |   695 |    27 ||   722
       Executioner's axe |       |       |       |       |       |   353 ||   353
Invok: Berserk           |       |     1 |     3 |     5 |     4 |       ||    13
       Trog's Hand       |       |       |       |     4 |     4 |     5 ||    13
       Brothers in Arms  |       |       |       |     2 |     5 |     5 ||    12
  Use: Potion            |       |     1 |       |     1 |     2 |     2 ||     6
       Scroll            |       |       |       |     5 |    27 |     9 ||    41
 Stab: Sleeping          |     1 |       |       |       |       |       ||     1
Armor: Animal skin       |    12 |       |       |       |       |       ||    12
       Leather armour    |    11 |       |       |       |       |       ||    11
       Ring mail         |    14 |    40 |       |       |       |       ||    54
       Chain mail        |       |    22 |    86 |       |       |       ||   108
       Plate armour      |       |       |    59 |   404 |   614 |   303 ||  1380
Dodge: Dodged            |    39 |    74 |   132 |   265 |   547 |   348 ||  1405
